 Dungeon Crawl Stone Soup version 0.26-a0-1213-gd52f5182fe (webtiles) character file.

Game seed: 2088117240683736250

759 sahdkjhfkaj the Skirmisher (level 7, -2/63 HPs)
             Began as a Minotaur Brigand on Dec 30, 2020.
             Slain by Prince Ribbit (7 damage)
             ... on level 6 of the Dungeon.
             The game lasted 00:08:18 (4733 turns).

sahdkjhfkaj the Skirmisher (Minotaur Brigand)       Turns: 4733, Time: 00:08:20

Health: -2/63      AC:  9    Str: 18    XL:     7   Next: 50%
Magic:  6/6        EV:  7    Int:  8    God:
Gold:   364        SH:  0    Dex: 11    Spells: 6/6 levels left

rFire    + . .     SeeInvis .   a - +2 mace (drain)
rCold    . . .     Faith    .   (no shield)
rNeg     . . .     Spirit   .   l - +0 chain mail
rPois    .         Reflect  .   (helmet restricted)
rElec    .         Harm     .   r - +0 cloak
rCorr    +         Rampage  .   (no gloves)
Will     .....                  (no boots)
Stlth    ..........             (no amulet)
HPRegen  0.20/turn              m - ring of resist corrosion
MPRegen  0.10/turn              z - ring of protection from fire

@: no status effects
A: retaliatory headbutt, horns 2
a: no special abilities


You were on level 6 of the Dungeon.
You visited 2 branches of the dungeon, and saw 7 of its levels.

You collected 364 gold pieces.

Inventory:

Hand Weapons
 a - a +2 mace of draining (weapon)
Missiles
 d - 26 poisoned darts
 x - 7 javelins (quivered)
Armour
 l - a +0 chain mail (worn)
 r - a +0 cloak (worn)
Jewellery
 m - a ring of resist corrosion (left hand)
 z - a ring of protection from fire (right hand)
Wands
 o - a wand of paralysis (6)
 t - a wand of random effects (49)
 D - a wand of flame (22)
Scrolls
 b - 5 scrolls of remove curse
 g - 2 scrolls of immolation
 i - 2 scrolls of amnesia
 k - 2 scrolls of fear {unknown}
 n - 2 scrolls of enchant armour {unknown}
 p - 2 scrolls of teleportation {unknown}
 u - 2 scrolls of magic mapping {unknown}
 w - a scroll of fog {unknown}
 y - a scroll of enchant weapon {unknown}
 C - a scroll of blinking {unknown}
 E - a scroll of noise {unknown}
Potions
 c - a potion of mutation
 f - a potion of flight {unknown}
 h - 2 potions of might
 q - 3 potions of curing
 s - 2 potions of magic
 v - a potion of berserk rage {unknown}
 A - a potion of cancellation {unknown}
 B - a potion of heal wounds {unknown}
 F - a potion of lignification {unknown}


   Skills:
 + Level 6.1 Fighting
 - Level 2.1 Short Blades
 - Level 6.0 Axes
 - Level 5.0 Throwing
 - Level 1.1 Dodging
 - Level 3.2 Stealth


You had 6 spell levels left.
You didn't know any spells.
Your spell library contained the following spells:

 Spells                   Type           Power        Failure   Level
 Corona                   Hex            0%           100%        1
 Ensorcelled Hibernation  Hex/Ice        0%           100%        2
 Confusing Touch          Hex            0%           100%        3
 Dazzling Flash           Conj/Hex       0%           100%        3
 Tukima's Dance           Hex            0%           100%        3


Dungeon Overview and Level Annotations

Branches:
Dungeon (6/15)             Temple (1/1) D:4

Altars:
Ashenzari
Cheibriados
Dithmenos
Elyvilon
Gozag
Hepliaklqana
Makhleb
Nemelex Xobeh
Qazlal
Sif Muna
Uskayaw
Vehumet
Xom
Yredelemnul
Zin
The Shining One

Annotations:
D:2 1 runed translucent door, Crazy Yiuf, Robin
D:6 Prince Ribbit


Innate Abilities, Weirdness & Mutations

You reflexively headbutt those who attack you in melee.
You have a pair of horns on your head.


Message History

The curare-tipped dart hits Prince Ribbit.
Prince Ribbit is poisoned.
Prince Ribbit convulses.
Prince Ribbit seems to slow down.
Prince Ribbit is lightly wounded.
You sock Prince Ribbit!
Prince Ribbit is heavily wounded.
Prince Ribbit hits you but does no damage.
Prince Ribbit hits you.
* * * LOW HITPOINT WARNING * * *
Okay, then.
Press: ? - help, v - describe, . - travel The floor.
Fire/throw which item? (* to show all) (? for menu, Esc to quit)
Throw: 8 javelins
Press: ? - help, Shift-Dir - straight line, f/p - Prince Ribbit
Aim: Prince Ribbit (heavily wounded, very poisoned, slow)
You throw a javelin.
The javelin closely misses Prince Ribbit.
Prince Ribbit hits you!
You die...

#.#.# #.##.# # ##(#.# .# #.##.#
#.# ###....###.# #.##.#
....#####.......##.# #.##.#
#........#((...##.#########.##.#
...#########.#..##.##>........<.#
. #.#..##.##.######.####
#.#.F##.##.# #.# #....@..##.# #.#
###..#..##.######.#
#....#............#
#.#.##...#.######## #.#.........#
# ####...#..# .....##..#
..#####..# ##. #..#


You could see Prince Ribbit (poisoned, slow).

Vanquished Creatures
  Duvessa (D:5)
  An ogre (D:6)
  A centaur (D:5)
  A wyvern zombie (D:6)
  Dowan (D:5)
  An orc priest (D:4)
  A hound (D:4)
  3 centaur skeletons
  Jessica (D:3)
  An orc wizard (D:5)
  2 worker ants
  A hound skeleton (D:5)
  5 adders
  2 worms
  A dart slug (D:2)
  8 leopard geckos
  3 orcs (D:5)
  2 giant cockroaches
  9 goblins
  5 hobgoblins
  13 jackals
  3 kobolds
  A quokka (D:3)
  A ball python (D:3)
  6 bats
  4 frilled lizards
  7 rats
85 creatures vanquished.

Vanquished Creatures (others)
  5 fungi (D:2)
5 creatures vanquished.

Grand Total: 90 creatures vanquished

Notes
Turn   | Place    | Note
-------+----------+-------------------------------------------
     0 | D:1      | sahdkjhfkaj the Minotaur Brigand began the quest for the
                  | Orb.
     0 | D:1      | Reached XP level 1. HP: 18/18 MP: 0/0
   168 | D:1      | Reached XP level 2. HP: 20/26 MP: 1/1
   916 | D:2      | Found a hide-covered altar of Uskayaw.
   961 | D:2      | Reached XP level 3. HP: 22/33 MP: 2/2
  1218 | D:2      | Found a radiant altar of Vehumet.
  1589 | D:2      | Found a runed translucent door.
  1590 | D:2      | Noticed Crazy Yiuf
  1592 | D:2      | Noticed Robin
  1745 | D:3      | Reached XP level 4. HP: 40/40 MP: 3/3
  1793 | D:3      | Found a sparkling altar of Nemelex Xobeh.
  1793 | D:3      | Noticed Jessica
  1795 | D:3      | Killed Jessica
  2438 | D:4      | Reached XP level 5. HP: 47/47 MP: 4/4
  2558 | D:4      | Reached skill level 5 in Fighting
  2558 | D:4      | Reached skill level 1 in Axes
  2714 | D:4      | Found a staircase to the Ecumenical Temple.
  2724 | Temple   | Entered the Ecumenical Temple
  2990 | D:4      | Found a glowing silver altar of Zin.
  3061 | D:4      | Found a basalt altar of Yredelemnul.
  3255 | D:4      | Reached XP level 6. HP: 49/56 MP: 5/5
  3555 | D:4      | Got a smoking rapier
  3555 | D:4      | Identified the +3 rapier "Cutiwen" {holy, Str+5} (You found
                  | it on level 4 of the Dungeon)
  3592 | D:5      | Entered Level 5 of the Dungeon
  3665 | D:5      | Reached skill level 5 in Throwing
  3872 | D:5      | Noticed Duvessa
  4049 | D:5      | Killed Duvessa
  4051 | D:5      | Noticed Dowan
  4062 | D:5      | Killed Dowan
  4063 | D:5      | Reached XP level 7. HP: 55/63 MP: 6/6
  4408 | D:5      | Got a jewelled trident
  4408 | D:5      | Identified the +6 trident of Doom {antimagic, *Slow rElec
                  | Str+4 SInv} (You found it on level 5 of the Dungeon)
  4514 | D:5      | Found a shimmering altar of Xom.
  4697 | D:6      | Reached skill level 5 in Axes
  4703 | D:6      | Noticed Prince Ribbit
  4733 | D:6      | Slain by Prince Ribbit

Illustrated notes

Levels and vault maps discovered:
D:1:      dpeg_arrival_court, layout_loops_ring
D:2:      layout_basic, lemuel_crystal_altar, eat_drink_and_be_merry_uskayaw,
          corexii_hall_statues_u, uniq_crazy_yiuf_cottage, uniq_robin
D:3:      layout_basic, nemelex_lonely_heart_becter
D:4:      layout_cave_pods, kennysheep_little_box, lemuel_crystal_altar,
          minmay_temple_entry_proselytizer
D:5:      layout_loops_cross, lemuel_doored_altar, uniq_duvessa
D:6:      layout_loops_ring, hangedman_decor_peaks_small, uniq_edmund,
          uniq_prince_ribbit1
Temple:   cyrus_temple_forest

Skill      XL: |  1  2  3  4  5  6  7 |
---------------+----------------------+-----
Fighting       | 3 4 5 6 |  6.1
Throwing       | 3 4 5 |  5.0
Axes           | 2 4 6 |  6.0
Short Blades   | |  2.1
Dodging        | |  1.1
Stealth        | |  3.2

Action                   |  1- 3 |  4- 6 |  7- 9 || total
-------------------------+-------+-------+-------++-------
Melee: Short sword       |   110 |       |       ||   110
       Headbutt          |    28 |    15 |     7 ||    50
       Dagger            |     2 |       |       ||     2
       Mace              |     5 |   101 |    27 ||   133
Throw: Dart              |       |       |     2 ||     2
       Javelin           |       |       |     1 ||     1
Evoke: Wand              |       |       |     2 ||     2
  Use: Scroll            |       |     5 |     3 ||     8
 Stab: Sleeping          |     4 |       |       ||     4
       Paralysed         |       |       |     2 ||     2
Armor: Robe              |     7 |       |       ||     7
       Chain mail        |    54 |    82 |    14 ||   150
       Ring mail         |     7 |       |       ||     7
Dodge: Dodged            |    51 |    41 |     5 ||    97

Table legend: (Time is in decaauts)
 A = Elapsed time spent in this place.
 B = Non-inter-level travel time spent in this place.
 C = Inter-level travel time spent in this place.
 D = Time resting spent in this place.
 E = Time spent auto-exploring this place.
 F = Levels seen in this place.
 G = Mean time per level.
                   A        B        C        D        E       F      G
               +--------+--------+--------+--------+--------+-----+--------+
         Total |   4772 |   4371 |    401 |    186 |   3525 |   7 |  681.7 |
       Dungeon |   4688 |   4327 |    361 |    186 |   3482 |   6 |  781.3 |
        Temple |     83 |     43 |     40 |      0 |     43 |   1 |   83.0 |
               +--------+--------+--------+--------+--------+-----+--------+

Top non-repeatable levels by time:
     D:4: 1228 daAuts
     D:5: 943 daAuts
     D:1: 860 daAuts
     D:2: 852 daAuts
     D:3: 726 daAuts
  Temple: 83 daAuts
     D:6: 75 daAuts
